Map: [ESL] Site Delta

Players

Maru - Winner!

  • Race: Terran Terran
  • Spawn Location: 11:00

Cyan

  • Race: Protoss Protoss
  • Spawn Location: 5:00

Event: IEM Katowice 2024

VOD

Have the link to the VOD?

Description

Time

  • Played on: Feb. 8, 2024, 11:35 a.m.
  • Length: 10:35

All games in this series

Show
View Real Time Build Order
Export as new Build Order

Maru Terran - Winner!

Build Orders: 1/1/1 

Get SALT Encoding   

  12  0:00  SCV  
  13  0:12  SCV  
  14  0:17  Supply Depot  
  14  0:24  SCV  
  15  0:38  SCV  
  15  0:39  Barracks  
  16  0:43  Refinery  
  16  0:50  SCV  
  16  0:52  Refinery  
  17  1:02  SCV  
  18  1:15  SCV  
  19  1:26  Reaper  
  19  1:27  Orbital Command  
  19  1:28  Supply Depot  
  20  1:40  Factory  
  20  1:52  SCV  
  21  1:59  Barracks Reactor  
  21  2:04  SCV  
  22  2:14  Command Center  
  22  2:16  SCV  
  23  2:28  SCV  
  23  2:29  Starport  
  24  2:36  Widow Mine  
  24  2:37  Supply Depot  
  26  2:40  SCV  
  27  2:44  Marine  
  27  2:45  Marine  
  29  2:53  SCV  
  32  2:58  Widow Mine  
  32  3:05  SCV  
  33  3:07  Medivac  
  33  3:10  Marine x2  
  36  3:17  SCV  
  39  3:20  Widow Mine  
  39  3:28  Marine x2  
  39  3:29  SCV  
  42  3:39  Barracks  
  43  3:41  SCV  
  43  3:42  Starport Tech Lab, Factory Tech Lab  
  43  3:46  Orbital Command, Marine  
  44  3:51  Marine  
  44  3:53  SCV  
  46  3:59  Supply Depot  
  46  4:01  Raven  
  48  4:05  Siege Tank  
  48  4:07  SCV  
  52  4:14  Marine x2  
  54  4:22  SCV  
  53  4:27  SCV  
  52  4:34  Bunker, SCV  
  52  4:37  Barracks  
  51  4:39  Siege Tank  
  51  4:41  SCV  
  53  4:46  SCV, Engineering Bay  
  53  4:51  Marine x2  
  56  4:53  SCV  
  56  4:55  Supply Depot  
  56  4:58  SCV  
  58  5:05  SCV, Supply Depot  
  58  5:07  Marine, Refinery  
  59  5:09  Marine  
  59  5:12  Terran Infantry Weapons Level 1  
  59  5:13  SCV  
  62  5:17  Stimpack  
  62  5:20  SCV  
  63  5:27  Marine x2  
  65  5:29  SCV  
  65  5:30  Factory Reactor  
  65  5:31  Starport Reactor  
  65  5:34  Supply Depot, SCV  
  67  5:37  Marine x2  
  67  5:42  Refinery  
  69  5:43  Supply Depot  
  69  5:44  Combat Shield  
  69  5:45  Marine x2  
  69  5:46  SCV  
  72  5:53  SCV  
  72  5:55  Marauder, Marine  
  76  5:58  SCV  
  76  6:03  Marine x2  
  79  6:06  Supply Depot  
  79  6:09  Medivac x2  
  83  6:13  Marauder  
  83  6:17  Marauder  
  84  6:19  Widow Mine x2  
  84  6:21  Marine x2  
  84  6:23  SCV  
  90  6:31  SCV  
  90  6:32  Supply Depot  
  90  6:34  Marauder  
  90  6:35  SCV  
  90  6:38  Marine x2, Marauder  
  97  6:44  Command Center  
  94  6:50  SCV  
  94  6:51  SCV  
  95  6:56  Medivac, Marine x2, Marauder  
  95  6:57  Medivac  
  95  6:59  Marauder  
  95  7:01  Widow Mine  
  107  7:02  Widow Mine  
  107  7:03  Concussive Shells  
  107  7:07  Supply Depot  
  109  7:15  SCV  
  109  7:24  Marauder, SCV  
  109  7:28  Barracks  
  109  7:29  Barracks, SCV  
  110  7:36  SCV  
  111  7:42  Marauder, Marine x2  
  111  7:44  Widow Mine x2, Medivac  
  118  7:48  Supply Depot  
  118  7:50  Marauder  
  120  7:53  Terran Infantry Armor Level 1  
  120  7:55  SCV x2  
  123  8:04  Marauder  
  122  8:07  SCV x2  
  122  8:09  Supply Depot  
  122  8:11  Marauder, Marine x2  
  128  8:19  SCV  
  129  8:21  Barracks Tech Lab x2  
  129  8:22  Widow Mine x2  
  129  8:24  SCV  
  129  8:25  Marauder  
  136  8:29  Ghost Academy  
  136  8:31  Marine, SCV  
  136  8:32  Marine  
  136  8:33  Marauder, SCV  
  142  8:36  SCV  
  132  8:43  SCV  
  129  8:49  Marine x2, Marauder x2  
  129  8:51  Viking, Widow Mine x2  
  129  8:52  Viking  
  129  8:55  Orbital Command  
  142  9:03  Ghost x2  
  142  9:07  Marine  
  142  9:09  Ghost x2  
  144  9:15  Supply Depot  
  144  9:16  Command Center  
  148  9:21  Armory  
  148  9:22  Engineering Bay  
  148  9:24  SCV, Refinery x2  
  149  9:31  Ghost, Marine x2  
  149  9:33  SCV  
  149  9:34  Widow Mine x2  
  145  9:40  Viking  
  138  9:50  SCV x3  
  132  9:54  Marauder x2, Marine x3  
  135  10:02  SCV x3  
  135  10:03  Widow Mine  
  135  10:06  Marine  
  130  10:11  Marine, Widow Mine  
  128  10:14  SCV x2  
Show
View Real Time Build Order
Export as new Build Order

Cyan Protoss 

Build Orders: 1 Gate Expand, Blink Stalkers 

Get SALT Encoding   

  12  0:00  Probe  
  13  0:12  Probe  
  14  0:18  Pylon  
  14  0:24  Probe (Chrono Boost)  
  15  0:36  Probe (Chrono Boost)  
  15  0:37  Gateway  
  16  0:44  Probe (Chrono Boost)  
  16  0:45  Assimilator  
  17  0:51  Probe  
  18  1:03  Probe  
  19  1:15  Probe  
  20  1:23  Nexus  
  20  1:30  Cybernetics Core  
  20  1:33  Probe  
  20  1:39  Assimilator  
  21  1:46  Probe  
  22  1:49  Pylon  
  22  1:58  Probe  
  23  2:04  Adept (Chrono Boost)  
  23  2:06  Warp Gate  
  25  2:10  Probe  
  25  2:15  Twilight Council  
  26  2:22  Probe  
  27  2:26  Stalker  
  29  2:35  Probe (Chrono Boost)  
  29  2:36  Probe (Chrono Boost)  
  31  2:45  Blink (Chrono Boost)  
  31  2:48  Probe (Chrono Boost)  
  33  2:52  Probe (Chrono Boost)  
  33  2:54  Probe (Chrono Boost)  
  34  2:58  Probe  
  34  3:03  Probe  
  36  3:10  Stalker  
  38  3:15  Gateway  
  38  3:17  Gateway  
  38  3:20  Probe  
  38  3:25  Probe  
  40  3:30  Robotics Facility  
  40  3:32  Probe  
  41  3:36  Pylon  
  41  3:37  Probe  
  42  3:45  Probe  
  43  3:49  Probe  
  43  3:53  Pylon  
  43  3:54  Stalker  
  46  3:57  Probe  
  46  4:01  Probe  
  48  4:09  Nexus  
  48  4:17  Stalker  
  48  4:19  Observer  
  47  4:35  Probe (Chrono Boost)  
  47  4:36  Probe (Chrono Boost)  
  47  4:42  Observer  
  47  4:44  Probe (Chrono Boost)  
  50  4:47  Probe (Chrono Boost)  
  50  4:49  Probe (Chrono Boost)  
  51  4:52  Assimilator  
  51  4:55  Assimilator  
  51  4:56  Probe  
  51  4:57  Pylon  
  52  5:04  Probe  
  53  5:08  Probe  
  53  5:10  Observer  
  55  5:14  Stalker  
  55  5:15  Stalker  
  55  5:16  Probe  
  55  5:20  Probe  
  61  5:22  Robotics Bay  
  61  5:25  Probe  
  61  5:28  Probe  
  63  5:31  Charge  
  63  5:33  Probe (Chrono Boost)  
  64  5:38  Probe (Chrono Boost)  
  64  5:40  Probe (Chrono Boost)  
  64  5:41  Stalker x2  
  70  5:45  Probe (Chrono Boost)  
  70  5:49  Probe (Chrono Boost)  
  73  5:51  Probe (Chrono Boost)  
  73  5:53  Probe (Chrono Boost)  
  73  5:54  Gateway, Probe (Chrono Boost)  
  73  5:55  Gateway  
  75  5:57  Probe  
  75  6:00  Probe  
  77  6:13  Colossus (Chrono Boost)  
  81  6:18  Extended Thermal Lance  
  81  6:19  Probe  
  81  6:23  Gateway  
  82  6:27  Gateway  
  82  6:28  Sentry  
  82  6:29  Probe  
  82  6:30  Gateway  
  82  6:31  Pylon  
  82  6:32  Shield Battery  
  85  6:35  Pylon  
  85  6:37  Pylon  
  85  6:39  Shield Battery  
  85  6:42  Pylon  
  85  6:54  Zealot x4  
  85  6:56  Colossus (Chrono Boost)  
  99  7:02  Zealot  
  99  7:04  Pylon  
  99  7:06  Pylon  
  99  7:17  Probe  
  99  7:18  Zealot x3  
  99  7:19  Zealot x2  
  110  7:25  Observer  
  110  7:28  Zealot x3  
  106  7:30  Probe  
  104  7:40  Colossus (Chrono Boost)  
  96  7:45  Probe  
  96  7:48  Probe  
  96  7:50  Probe  
  96  7:51  Assimilator  
  99  7:52  Forge  
  99  7:53  Forge  
  99  7:55  Sentry, Zealot x2  
  99  7:56  Zealot x5  
  115  7:59  Probe  
  115  8:01  Observer  
  115  8:02  Probe  
  116  8:14  Pylon  
  116  8:15  Pylon  
  116  8:18  Protoss Ground Armor Level 1 (Chrono Boost)  
  116  8:21  Nexus  
  116  8:24  Pylon, Stalker x2  
  116  8:25  Pylon  
  116  8:27  Protoss Ground Weapons Level 1 (Chrono Boost)  
  121  8:35  Zealot x3  
  119  8:42  Zealot x3  
  119  8:47  Robotics Facility  
  120  8:50  Probe  
  120  8:52  Robotics Facility  
  121  8:56  Shield Battery  
  121  8:58  Photon Cannon, Shield Battery  
  121  9:01  Probe  
  122  9:11  Stalker x4  
  130  9:25  Pylon, Probe x3  
  130  9:27  Photon Cannon  
  130  9:29  Zealot  
  130  9:30  Zealot x2  
  139  9:37  Zealot x3  
  123  9:43  Zealot x2  
  102  9:50  Zealot x2  
  102  9:51  Zealot  
  96  9:58  Zealot x2  
  88  10:04  Zealot x3  
  88  10:12  Zealot x3  
  76  10:22  Zealot x2  
  76  10:25  Zealot x2  

Tags
 
Add a new tag
Caveats
  • Supply blocks, unpowered buildings, or Contaminate may cause inaccurate times.
  • Supply counts are checked every 10 seconds.